 Dungeon Crawl Stone Soup version 0.27-a0-92-g39ad13b146 (webtiles) character file.

Game seed: 7114766148802761407

100728 mortress the Martial Artist (level 16, -4/125 HPs)
             Began as a Gnoll Transmuter on Jan 13, 2021.
             Was a High Priest of Ashenzari.
             Killed from afar by a will-o-the-wisp (15 damage)
             ... with a foxfire
             ... on level 4 of the Swamp on Jan 15, 2021.
             The game lasted 03:39:26 (31389 turns).

mortress the Martial Artist (Gnoll Transmuter)     Turns: 31389, Time: 03:39:27

Health: -4/125     AC: 15    Str: 14    XL:     16   Next: 28%
Magic:  30/31      EV: 27    Int: 21    God:    Ashenzari [*****.]
Gold:   1146       SH:  9    Dex: 16    Spells: 2/38 levels left

rFire    + . .     SeeInvis +   G - +8 demon trident (venom)
rCold    + . .     Faith    .   a - +2 buckler
rNeg     . . .     Spirit   .   S - +3 acid dragon scales
rPois    .         Reflect  .   (helmet restricted)
rElec    .         Harm     .   b - scarf {rC+ rF+} (curse)
rCorr    +         Rampage  .   n - +1 pair of gloves (curse)
Will     +....     Clarity  +   z - +0 pair of boots
Stlth    ++++......             C - amulet of magic regeneration (curse)
HPRegen  0.70/turn              k - +4 ring of evasion (curse)
MPRegen  0.47/turn              q - +4 ring of evasion (curse)

@: very slightly contaminated, hasted, invisible, very quick
A: distributed training, fangs 1, horns 1, regeneration 1, MP-powered wands,
strong nose
a: Renounce Religion, Curse Item, Scrying


You were on level 4 of the Swamp.
You worshipped Ashenzari.
Ashenzari was extremely pleased with you.
You visited 4 branches of the dungeon, and saw 23 of its levels.

You collected 2067 gold pieces.
You spent 921 gold pieces at shops.

Inventory:

Hand Weapons
 l - a cursed +2 demon whip of venom
 G - a +8 demon trident of venom (weapon)
Missiles
 c - 55 poisoned darts (quivered)
 d - 21 curare-tipped darts
 B - 4 throwing nets
 D - 225 arrows
 V - 12 javelins
Armour
 a - a +2 buckler (worn)
 b - a cursed scarf of resistance (worn)
 n - a cursed +1 pair of gloves (worn)
 v - the +1 chain mail of Parlour Games {Int+4 Dex+4}
   (You found it on level 2 of the Lair of Beasts)

   It affects your intelligence (+4).
   It affects your dexterity (+4).
 z - a +0 pair of boots (worn)
 S - +3 acid dragon scales (worn)
Jewellery
 k - a cursed +4 ring of evasion (left hand)
 q - a cursed +4 ring of evasion (right hand)
 C - a cursed amulet of magic regeneration (around neck)
 O - an uncursed ring of flight
Wands
 e - a wand of flame (23)
 i - a wand of random effects (48)
 E - a wand of polymorph (3)
 K - a wand of paralysis (19)
 P - a wand of acid (7)
 R - a wand of iceblast (5)
 U - a wand of digging (3)
Scrolls
 f - a scroll of remove curse
 g - 8 scrolls of magic mapping
 m - 3 scrolls of brand weapon
 p - 4 scrolls of immolation
 y - 6 scrolls of teleportation
 M - 6 scrolls of amnesia
 W - 4 scrolls of fog
Potions
 h - 2 potions of might
 j - 3 potions of lignification
 o - 3 potions of attraction
 r - a potion of cancellation
 t - 5 potions of ambrosia
 u - 2 potions of resistance
 w - 6 potions of brilliance
 H - 4 potions of flight
 I - 3 potions of curing
 J - a potion of haste
 N - a potion of magic
 Y - 2 potions of heal wounds
 Z - 2 potions of mutation
Miscellaneous
 Q - a condenser vane
 T - a phial of floods


   Skills:
 + Level 11.0 Fighting
 + Level 10.7 Short Blades
 + Level 10.7 Long Blades
 + Level 10.7 Axes
 + Level 10.7 Maces & Flails
 + Level 10.7 Polearms
 + Level 10.7 Staves
 + Level 10.7 Slings
 + Level 10.7 Bows
 + Level 10.7 Crossbows
 + Level 10.7 Throwing
 + Level 10.7 Armour
 + Level 11.5 Dodging
 + Level 10.7 Stealth
 + Level 10.7 Shields
 + Level 12.3 Unarmed Combat
 + Level 11.7 Spellcasting
 + Level 9.1(12.9) Conjurations
 + Level 9.1(12.9) Hexes
 + Level 9.1(12.9) Summonings
 + Level 9.1(12.9) Necromancy
 + Level 9.1(12.9) Translocations
 + Level 9.8(13.6) Transmutations
 + Level 9.1(12.9) Fire Magic
 + Level 9.1(12.9) Ice Magic
 + Level 9.1(12.9) Air Magic
 + Level 9.1(12.9) Earth Magic
 + Level 9.1(12.9) Poison Magic
 + Level 11.5 Invocations
 + Level 10.7(14.4) Evocations


You had 2 spell levels left.
You knew the following spells:

 Your Spells              Type           Power        Failure   Level
a - Beastly Appendage     Tmut           100%         1%          1
b - Wereblood             Tmut           62%          1%          2
c - Spider Form           Tmut/Pois      31%          1%          3
d - Ice Form              Ice/Tmut       62%          1%          4
e - Petrify               Tmut/Erth      62%          1%          4
f - Animate Skeleton      Necr           100%         1%          1
g - Passage of Golubria   Tloc           N/A          1%          4
h - Animate Dead          Necr           30%          1%          4
i - Airstrike             Air            30%          1%          4
j - Iskenderun's Mystic   Conj/Tloc      61%          1%          4
k - Lightning Bolt        Conj/Air       30%          1%          5

Your spell library contained the following spells:

 Spells                   Type           Power        Failure   Level
 Apportation              Tloc           100%         1%          1
 Corona                   Hex            67%          1%          1
 Magic Dart               Conj           100%         1%          1
 Shock                    Conj/Air       100%         1%          1
 Summon Small Mammal      Summ           100%         1%          1
 Blink                    Tloc           N/A          1%          2
 Searing Ray              Conj           100%         1%          2
 Slow                     Hex            61%          1%          2
 Swiftness                Air            61%          1%          2
 Dazzling Flash           Conj/Hex       100%         1%          3
 Gell's Gravitas          Tloc           30%          1%          3
 Inner Flame              Hex/Fire       61%          1%          3
 Lesser Beckoning         Tloc           30%          1%          3
 Portal Projectile        Hex/Tloc       100%         1%          3
 Static Discharge         Conj/Air       61%          1%          3
 Teleport Other           Tloc           61%          1%          3
 Cause Fear               Hex            30%          1%          4
 Fulminant Prism          Conj/Hex       30%          1%          4
 Leda's Liquefaction      Hex/Erth       30%          1%          4
 Blade Hands              Tmut           31%          1%          5
 Borgnjor's Vile Clutch   Necr/Erth      30%          1%          5
 Death Channel            Necr           30%          5%          6
 Simulacrum               Ice/Necr       30%          5%          6


Dungeon Overview and Level Annotations

Branches:
Dungeon (11/15)            Temple (0/1) D:7            Lair (6/6) D:10
  Swamp (4/4) Lair:3        Snake (0/4) Lair:4        Slime (0/5) Lair:5
    Orc (2/2) D:9             Elf (0/3) Orc:2

Altars:
Ashenzari
Cheibriados
Dithmenos
Elyvilon
Fedhas
Hepliaklqana
Kikubaaqudgha
Qazlal
Vehumet
Yredelemnul
Beogh
Jiyva

Shops:
D:10 !   Orc:2 *(}(?

Annotations:
D:9 3 runed translucent doors, Maimakterion's ghost, novice TrEE
Swamp:4 Lernaean hydra


Innate Abilities, Weirdness & Mutations

Your experience applies equally to all skills.
You have very sharp teeth.
Your uncanny sense of smell can sniff out nearby items.
You have a pair of small horns on your head.
Your natural rate of healing is unusually fast.
You expend magic power (3 MP) to strengthen your wands.


Message History

* * * LOW HITPOINT WARNING * * *
The will-o-the-wisp completely misses you.
You feel better. The will-o-the-wisp misses you.
Really walk into that cloud of poison gas?
Okay, then.
Really walk into that cloud of poison gas?
You are engulfed in poison gas.
You are poisoned.
* * * LOW HITPOINT WARNING * * *
You feel sick.
You feel sick.
The swamp dragon breathes poison past the will-o-the-wisp.
The will-o-the-wisp gestures.
The will-o-the-wisp conjures some foxfire!
You hear a shout! 2 foxfires come into view.
You feel better. The foxfire hits you. You resist.
* * * LOW HITPOINT WARNING * * *
The foxfire hits you! You resist.
You die...

♣♣.≈.≈≈[≈≈≈≈≈♣ .♣♣*
♣♣.§≈≈≈§≈≈≈♣♣ ..≈♣♣♣♣
♣♣.≈≈≈..≈≈♣♣♣♣
≈≈≈..≈♣♣♣≈.≈≈≈○..§.♣.♣
≈§≈≈.≈≈♣♣§.☼§§°≈...≈♣
≈≈≈≈.≈≈≈.n.°D☼°≈≈≈(.♣♣
≈≈.....n§♣☼☼v°≈°÷<.≈§♣♣
≈≈....≈§♣♣♣♣○§§°≈.≈≈≈≈♣
≈≈≈≈≈≈≈≈≈{♣♣♣§°v@.≈≈≈♣♣
≈≈≈≈≈<.≈≈..♣♣♣♣.)≈≈≈.♣
.≈≈≈......♣♣♣♣♣♣♣≈≈≈≈♣
.≈.(≈♣♣.♣...≈♣ ♣≈≈.♣♣
≈..♣♣*♣♣♣≈≈≈♣♣ ♣..♣♣
.♣♣* ♣≈≈≈♣ ♣♣♣♣ **
♣^≈.♣ ♣♣≈≈♣ ♣≈♣♣


You could see a swamp dragon (catching breath), a will-o-the-wisp and a bog body
(wandering).

Vanquished Creatures
  Saint Roka (Orc:1)
  Jorgrun (Swamp:2)
  A thorn hunter (Swamp:1)
  An orc warlord (Orc:2)
  6 dire elephants (Lair:6)
  6 bunyips
  4 eleionomae
  Erolcha (Orc:2)
  Harold (Lair:2)
  17 hydras
  3 boulder beetles
  A catoblepas (Lair:4)
  2 ghost crabs
  An anaconda (Lair:6)
  5 alligators
  3 two-headed ogres
  8 death yaks
  Sonja (Orc:2)
  Urug (Lair:5)
  2 spriggans (Swamp:3)
  6 goliath frogs
  3 bog bodies
  2 spriggan druids
  3 swamp dragons
  A lindwurm (Lair:6)
  An obsidian statue (Lair:2)
  7 orc sorcerers (Orc:2)
  2 will-o-the-wisps
  3 black mambas
  15 elephants
  Psyche (D:8)
  A torpor snail (Lair:5)
  17 cane toads
  Maggie (D:8)
  A rime drake (Lair:4)
  7 komodo dragons
  3 meliai (Lair:4)
  3 polar bears
  2 trolls (Orc:1)
  2 hornets (Swamp:3)
  7 tyrant leeches
  A queen bee (Lair:4)
  6 blink frogs
  4 wyverns
  34 yaks
  2 basilisks
  Grum (D:10)
  A steam dragon (D:10)
  2 vampire mosquitoes
  12 swamp worms
  7 wargs
  12 water moccasins
  21 orc warriors
  A phantom (D:4)
  4 ice beasts
  2 sky beasts
  3 black bears
  3 swamp drakes
  5 ogres
  3 centaurs
  3 wolves (D:10)
  A big kobold (D:9)
  19 bullfrogs
  A wyvern zombie (D:8)
  23 killer bees
  3 wights (D:7)
  2 electric eels
  2 jellies
  A quasit (D:9)
  2 bullfrog skeletons
  2 bullfrog zombies (D:9)
  6 hounds
  14 orc priests
  42 orc wizards
  A centaur skeleton (D:4)
  Terence (D:3)
  3 iguanas
  6 worker ants
  7 hell rats (Lair:3)
  3 hound skeletons
  3 gnolls (D:4)
  3 river rats (Lair:1)
  10 adders
  2 shadow imps
  3 white imps
  2 ufetubi (D:5)
  An ooze (D:2)
  3 worms
  3 dart slugs
  3 leopard geckos
  123 orcs
  A ball python (D:1)
  2 giant cockroaches (D:5)
  6 goblins
  6 hobgoblins
  15 jackals
  12 kobolds
  A quokka (D:4)
  9 bats
  A frilled lizard (D:3)
  5 rats
634 creatures vanquished.

Vanquished Creatures (collateral kills)
  An eleionoma (Swamp:3)
  An orc (Orc:2)
2 creatures vanquished.

Vanquished Creatures (others)
  A swamp drake (Lair:1)
  3 orcs (Orc:2)
  2 bushes (Lair:6)
  23 foxfires
  41 fungi
  66 plants
136 creatures vanquished.

Grand Total: 772 creatures vanquished

Notes
Turn   | Place    | Note
-------+----------+-------------------------------------------
     0 | D:1      | mortress the Gnoll Transmuter began the quest for the Orb.
     0 | D:1      | Reached XP level 1. HP: 17/17 MP: 6/6
   188 | D:1      | Reached XP level 2. HP: 23/23 MP: 5/7
   707 | D:1      | Reached XP level 3. HP: 27/28 MP: 7/9
   796 | D:1      | Reached skill level 5 in Spellcasting
  1372 | D:2      | Reached skill level 1 in Invocations
  1474 | D:2      | Learned a level 2 spell: Wereblood
  1528 | D:2      | Reached skill level 1 in Short Blades
  1528 | D:2      | Reached skill level 1 in Long Blades
  1528 | D:2      | Reached skill level 1 in Axes
  1528 | D:2      | Reached skill level 1 in Maces & Flails
  1528 | D:2      | Reached skill level 1 in Polearms
  1528 | D:2      | Reached skill level 1 in Staves
  1528 | D:2      | Reached skill level 1 in Slings
  1528 | D:2      | Reached skill level 1 in Bows
  1528 | D:2      | Reached skill level 1 in Crossbows
  1528 | D:2      | Reached skill level 1 in Throwing
  1528 | D:2      | Reached skill level 1 in Armour
  1528 | D:2      | Reached skill level 1 in Stealth
  1528 | D:2      | Reached skill level 1 in Shields
  1528 | D:2      | Reached skill level 1 in Evocations
  1740 | D:2      | Reached XP level 4. HP: 34/34 MP: 9/11
  1783 | D:2      | Found an ancient bone altar of Kikubaaqudgha.
  1902 | D:2      | Found a shadowy altar of Dithmenos.
  2321 | D:3      | Noticed Terence
  2352 | D:3      | Learned a level 3 spell: Spider Form
  2362 | D:3      | Reached skill level 1 in Conjurations
  2362 | D:3      | Reached skill level 1 in Hexes
  2362 | D:3      | Reached skill level 1 in Summonings
  2362 | D:3      | Reached skill level 1 in Necromancy
  2362 | D:3      | Reached skill level 1 in Translocations
  2362 | D:3      | Reached skill level 1 in Fire Magic
  2362 | D:3      | Reached skill level 1 in Ice Magic
  2362 | D:3      | Reached skill level 1 in Air Magic
  2362 | D:3      | Reached skill level 1 in Earth Magic
  2362 | D:3      | Reached skill level 1 in Poison Magic
  2370 | D:3      | Killed Terence
  2375 | D:3      | Reached XP level 5. HP: 40/40 MP: 9/12
  2526 | D:2      | Upgraded the game from 0.27-a0-78-g75406f0b48 to
                  | 0.27-a0-79-gcaaa221d37
  2907 | D:3      | Reached XP level 6. HP: 47/47 MP: 7/13
  3523 | D:4      | Reached skill level 5 in Dodging
  3609 | D:4      | Found a snail-covered altar of Cheibriados.
  3610 | D:4      | Noticed a phantom
  3641 | D:4      | Killed a phantom
  3736 | D:4      | Reached XP level 7. HP: 23/52 MP: 15/15
  4099 | D:4      | Reached skill level 7 in Unarmed Combat
  4105 | D:4      | Found a basalt altar of Yredelemnul.
  4673 | D:4      | Reached XP level 8. HP: 38/60 MP: 16/16
  4834 | D:5      | Entered Level 5 of the Dungeon
  5105 | D:5      | Got a smoking mace
  5182 | D:5      | Found a white marble altar of Elyvilon.
  5943 | D:6      | Found a hazy altar of Hepliaklqana.
  5948 | D:6      | Noticed a two-headed ogre
  6136 | D:6      | Identified the +6 mace of Egentil {antimagic, +Rage Dex-2
                  | Stlth+} (You found it on level 5 of the Dungeon)
  6427 | D:6      | Identified Mothruroli's Disquisition on Execration and
                  | Stones
  6440 | D:6      | Found a broken altar of Ashenzari.
  6669 | D:6      | Became a worshipper of Ashenzari the Shackled
  6760 | D:6      | Found a broken altar of Ashenzari.
  6841 | D:6      | Found a hazy altar of Hepliaklqana.
  7316 | D:6      | Killed a two-headed ogre
  7317 | D:6      | Reached skill level 5 in Transmutations
  7317 | D:6      | Reached XP level 9. HP: 67/67 MP: 18/18
  7676 | D:7      | Reached skill level 5 in Fighting
  8053 | D:7      | Reached skill level 8 in Unarmed Combat
  8260 | D:7      | Found a staircase to the Ecumenical Temple.
  8293 | D:7      | Reached skill level 5 in Invocations
  8367 | D:7      | Learned a level 4 spell: Ice Form
  8623 | D:7      | Found a blossoming altar of Fedhas.
  9153 | D:8      | Reached XP level 10. HP: 74/74 MP: 15/20
  9198 | D:8      | Noticed Maggie
  9268 | D:8      | Reached skill level 5 in Short Blades
  9268 | D:8      | Reached skill level 5 in Long Blades
  9268 | D:8      | Reached skill level 5 in Axes
  9268 | D:8      | Reached skill level 5 in Maces & Flails
  9268 | D:8      | Reached skill level 5 in Polearms
  9268 | D:8      | Reached skill level 5 in Staves
  9268 | D:8      | Reached skill level 5 in Slings
  9268 | D:8      | Reached skill level 5 in Bows
  9268 | D:8      | Reached skill level 5 in Crossbows
  9268 | D:8      | Reached skill level 5 in Throwing
  9268 | D:8      | Reached skill level 5 in Armour
  9268 | D:8      | Reached skill level 5 in Stealth
  9268 | D:8      | Reached skill level 5 in Shields
  9268 | D:8      | Reached skill level 5 in Evocations
  9526 | D:8      | Found a roughly hewn altar of Beogh.
  9713 | D:8      | Noticed Psyche
 10120 | D:8      | Killed Maggie
 10354 | D:8      | Killed Psyche
 10573 | D:9      | Found a staircase to the Orcish Mines.
 10747 | D:9      | Reached * piety under Ashenzari
 10872 | D:9      | Noticed Maimakterion's ghost (novice TrEE)
 10922 | D:9      | Found a runed translucent gate.
 10923 | D:9      | Found a runed translucent gate.
 10923 | D:9      | Found a runed translucent gate.
 11447 | D:9      | Found a radiant altar of Vehumet.
 11483 | D:9      | Found a roughly hewn altar of Beogh.
 11705 | D:10     | Entered Level 10 of the Dungeon
 12225 | D:10     | Reached XP level 11. HP: 46/83 MP: 22/22
 12560 | D:10     | Reached skill level 9 in Unarmed Combat
 12606 | D:10     | Reached skill level 5 in Conjurations
 12606 | D:10     | Reached skill level 5 in Hexes
 12606 | D:10     | Reached skill level 5 in Summonings
 12606 | D:10     | Reached skill level 5 in Necromancy
 12606 | D:10     | Reached skill level 5 in Translocations
 12606 | D:10     | Reached skill level 5 in Fire Magic
 12606 | D:10     | Reached skill level 5 in Ice Magic
 12606 | D:10     | Reached skill level 5 in Air Magic
 12606 | D:10     | Reached skill level 5 in Earth Magic
 12606 | D:10     | Reached skill level 5 in Poison Magic
 12758 | D:10     | Found a staircase to the Lair.
 12974 | D:10     | Noticed Grum
 13039 | D:10     | Killed Grum
 13238 | D:10     | Noticed a two-headed ogre
 13291 | D:10     | Killed a two-headed ogre
 13573 | D:10     | Found a stormy altar of Qazlal.
 13582 | D:10     | Found Gurho's Distillery.
 13588 | D:10     | Bought a potion of heal wounds for 75 gold pieces
 14027 | D:11     | Noticed a red ugly thing
 14093 | Lair:1   | Entered Level 1 of the Lair of Beasts
 14773 | Lair:1   | Learned a level 4 spell: Petrify
 14853 | Lair:1   | Reached ** piety under Ashenzari
 15882 | Lair:2   | Identified the cursed +1 chain mail of Parlour Games {Int+4
                  | Dex+4}
 15975 | Lair:2   | Reached XP level 12. HP: 63/91 MP: 24/24
 15985 | Lair:2   | Gained mutation: You tend to lose your temper in combat.
                  | [mutagenic glow]
 16265 | Lair:2   | Noticed Harold
 16286 | Lair:2   | Killed Harold
 16769 | Lair:2   | Learned a level 1 spell: Animate Skeleton
 17351 | Lair:3   | Lost mutation: You tend to lose your temper in combat.
                  | [potion of mutation]
 17351 | Lair:3   | Gained mutation: Armour fits poorly on your strangely
                  | shaped body. [potion of mutation]
 17351 | Lair:3   | Gained mutation: Your body sometimes deteriorates upon
                  | taking damage. [potion of mutation]
 17351 | Lair:3   | Gained mutation: You evolve. [potion of mutation]
 17352 | Lair:3   | Lost mutation: You evolve. [potion of mutation]
 17352 | Lair:3   | Lost mutation: Your body sometimes deteriorates upon taking
                  | damage. [potion of mutation]
 17352 | Lair:3   | Lost mutation: Armour fits poorly on your strangely shaped
                  | body. [potion of mutation]
 17352 | Lair:3   | Gained mutation: Scrolls take you a little longer to read.
                  | [potion of mutation]
 17352 | Lair:3   | Gained mutation: Your natural rate of healing is unusually
                  | fast. [potion of mutation]
 17429 | Lair:3   | Reached *** piety under Ashenzari
 17695 | Lair:3   | Noticed a five-headed hydra
 17719 | Lair:3   | Killed a five-headed hydra
 17720 | Lair:3   | Reached skill level 10 in Unarmed Combat
 17861 | Lair:3   | Lost mutation: Scrolls take you a little longer to read.
                  | [potion of mutation]
 17861 | Lair:3   | Gained mutation: You have a pair of small horns on your
                  | head. [potion of mutation]
 17861 | Lair:3   | Gained mutation: You expend magic power (3 MP) to
                  | strengthen your wands. [potion of mutation]
 18012 | Lair:3   | Noticed a six-headed hydra
 18033 | Lair:3   | Killed a six-headed hydra
 18447 | Lair:3   | Noticed a five-headed hydra
 18458 | Lair:3   | Killed a five-headed hydra
 18488 | Lair:3   | Found a staircase to the Swamp.
 18729 | Lair:4   | Reached XP level 13. HP: 92/98 MP: 26/26
 19323 | Lair:4   | Found a staircase to the Snake Pit.
 19333 | Lair:4   | Upgraded the game from 0.27-a0-79-gcaaa221d37 to
                  | 0.27-a0-92-g39ad13b146
 19388 | Lair:4   | Reached **** piety under Ashenzari
 20300 | Lair:5   | Noticed Urug
 20325 | Lair:5   | Killed Urug
 20818 | Lair:5   | Found a staircase to the Slime Pits.
 20820 | Lair:5   | Found a viscous altar of Jiyva.
 21320 | Lair:6   | Entered Level 6 of the Lair of Beasts
 21630 | Lair:6   | Reached skill level 10 in Spellcasting
 21872 | Lair:6   | Reached XP level 14. HP: 81/108 MP: 28/28
 22011 | Lair:6   | Reached skill level 10 in Dodging
 22102 | Lair:6   | Noticed a dire elephant
 22102 | Lair:6   | Noticed a dire elephant
 22126 | Lair:6   | Killed a dire elephant
 22139 | Lair:6   | Killed a dire elephant
 22288 | Lair:6   | Noticed a dire elephant
 22309 | Lair:6   | Killed a dire elephant
 22310 | Lair:6   | Reached skill level 11 in Unarmed Combat
 22355 | Lair:6   | Noticed a dire elephant
 22377 | Lair:6   | Killed a dire elephant
 22591 | Lair:6   | Noticed a dire elephant
 22616 | Lair:6   | Killed a dire elephant
 22777 | Lair:5   | Reached skill level 10 in Invocations
 22854 | Lair:6   | Learned a level 4 spell: Passage of Golubria
 23122 | Lair:6   | Reached ***** piety under Ashenzari
 23441 | Lair:6   | Learned a level 4 spell: Animate Dead
 23549 | Lair:6   | Noticed a dire elephant
 23575 | Lair:6   | Killed a dire elephant
 23644 | Lair:6   | Learned a level 4 spell: Airstrike
 24297 | Orc:1    | Entered Level 1 of the Orcish Mines
 24652 | Orc:2    | Entered Level 2 of the Orcish Mines
 24652 | Orc:2    | Noticed Erolcha
 24652 | Orc:2    | Noticed Sonja
 24746 | Orc:2    | Killed Sonja
 24807 | Orc:2    | Noticed Saint Roka
 25016 | Orc:1    | Killed Saint Roka
 25017 | Orc:1    | Reached skill level 10 in Fighting
 25160 | Orc:2    | Reached XP level 15. HP: 59/115 MP: 17/29
 25393 | Orc:2    | Killed Erolcha
 25844 | Orc:2    | Found Kukhukhoss's Antique Weapon Shop.
 25844 | Orc:2    | Found Kaduid's General Store.
 25859 | Orc:2    | Bought a scroll of teleportation for 45 gold pieces
 25859 | Orc:2    | Bought a scroll of remove curse for 45 gold pieces
 25877 | Orc:2    | Found a roughly hewn altar of Beogh.
 25899 | Orc:2    | Found Min Vec's Antique Weapon Shop.
 25899 | Orc:2    | Found Zorurhumn's Gadget Emporium.
 25914 | Orc:2    | Bought a condenser vane for 480 gold pieces
 25914 | Orc:2    | Bought a wand of iceblast (7) for 132 gold pieces
 26005 | Orc:2    | Found a staircase to the Elven Halls.
 26096 | Orc:2    | Found Ulyd Qit's Magic Scroll Shop.
 26101 | Orc:2    | Bought a scroll of remove curse for 48 gold pieces
 26101 | Orc:2    | Bought a scroll of remove curse for 48 gold pieces
 26101 | Orc:2    | Bought a scroll of remove curse for 48 gold pieces
 26159 | Orc:2    | Learned a level 4 spell: Iskenderun's Mystic Blast
 26160 | Orc:1    | Noticed an orc warlord
 26205 | Orc:2    | Killed an orc warlord
 26713 | Swamp:1  | Entered Level 1 of the Swamp
 27325 | Swamp:1  | Noticed a thorn hunter
 27614 | Swamp:1  | Reached skill level 10 in Short Blades
 27614 | Swamp:1  | Reached skill level 10 in Long Blades
 27614 | Swamp:1  | Reached skill level 10 in Axes
 27614 | Swamp:1  | Reached skill level 10 in Maces & Flails
 27614 | Swamp:1  | Reached skill level 10 in Polearms
 27614 | Swamp:1  | Reached skill level 10 in Staves
 27614 | Swamp:1  | Reached skill level 10 in Slings
 27614 | Swamp:1  | Reached skill level 10 in Bows
 27614 | Swamp:1  | Reached skill level 10 in Crossbows
 27614 | Swamp:1  | Reached skill level 10 in Throwing
 27614 | Swamp:1  | Reached skill level 10 in Armour
 27614 | Swamp:1  | Reached skill level 10 in Stealth
 27614 | Swamp:1  | Reached skill level 10 in Shields
 27614 | Swamp:1  | Reached skill level 10 in Evocations
 27624 | Swamp:1  | HP: 3/115 [acid (10)]
 28150 | Swamp:1  | Killed a thorn hunter
 28394 | Swamp:2  | Noticed Jorgrun
 28587 | Swamp:2  | Killed Jorgrun
 29406 | Swamp:3  | Reached skill level 12 in Unarmed Combat
 29554 | Swamp:2  | Learned a level 5 spell: Lightning Bolt
 30352 | Swamp:4  | Entered Level 4 of the Swamp
 30383 | Swamp:3  | Reached XP level 16. HP: 95/124 MP: 31/31
 31377 | Swamp:4  | Noticed the 27-headed Lernaean hydra
 31384 | Swamp:4  | HP: 2/125 [will-o-the-wisp/foxfire (9)]
 31389 | Swamp:4  | Killed from afar by a will-o-the-wisp

Illustrated notes

Levels and vault maps discovered:
D:1:      nzn_arrival_crosshair, layout_basic, minmay_misc_feat_enclosed
D:2:      layout_loops_cross, lemuel_coloured_pillars_altar,
          nicolae_overflow_hidden_temple
D:3:      layout_rooms, serial_rivers, chequers_serial_rivers_small_b,
          chequers_serial_rivers_micro_e, chequers_serial_rivers_micro_d,
          chequers_serial_rivers_micro_b, chequers_serial_rivers_small_b,
          uniq_terence
D:4:      black_bear_nest_2, layout_basic, old_standard_altar,
          nicolae_overflow_crystal_walls
D:5:      layout_cave_pods, elyvilon_altar_3
D:6:      layout_loops_ring, old_standard_altar, evilmike_ruin_ashenzari
D:7:      layout_loops_ring, lemuel_round_altar, minmay_temple_entry_offerings
D:8:      layout_basic, special_room [special_room_orc], uniq_maggie,
          uniq_psyche
D:9:      layout_loops_ring, marbit_many_paths, minmay_orc_entry_temple_small,
          gammafunk_ghost_icy
D:10:     layout_irregular_city, david_lair_shrubbed, serial_shops,
          shop_fountains, nicolae_qazlal_eye_of_the_storm, uniq_grum
D:11:     layout_basic, chequers_decorated_corner, nicolae_gozag_seed_capital
Lair:1:   layout_hall_layers, serial_rivers, chequers_serial_rivers_small_3,
          chequers_serial_rivers_micro_a, chequers_serial_rivers_micro_b,
          chequers_serial_rivers_large_b, chequers_serial_rivers_large_a,
          chequers_serial_rivers_small_3, pond
Lair:2:   statuecave_lemuel, layout_regular_city, beast_lair_carwin_10,
          uniq_harold
Lair:3:   layout_regular_city, palyth_hydra_swamp_entry, beast_lair_carwin_7,
          infiniplex_staircase_pool_2, serial_bayou_shore_a
Lair:4:   layout_gridlike, dummy_snake_entry, special_room [special_room_bee]
Lair:5:   layout_regular_city, slime_altar_1, minivault_19, uniq_urug
Lair:6:   due_jungle_book, layout_gridlike, nicolae_quartered_pool_super,
          grunt_megastairs_5
Swamp:1:  layout_basic_swamp, nicolae_swamp_very_dense_foliage
Swamp:2:  layout_basic_swamp, evilmike_swamp_ruin_house_4, uniq_jorgrun
Swamp:3:  layout_basic_swamp, evilmike_swamp_ruin_house_1
Swamp:4:  grunt_swamp_rune_castle, layout_basic_swamp
Orc:1:    layout_diamond_mine
Orc:2:    st_orc_town, layout_caves, serial_shops, shop_statue, uniq_saint_roka,
          uniq_erolcha, uniq_sonja

Skill      XL: |  1  2  3  4  5  6  7  8  9 10 11 12 13 14 15 16 |
---------------+-------------------------------------------------+-----
Spellcasting   | 5 6 7 8 9 10 11 | 11.7
Invocations    | 1 2 3 4 5 6 7 8 9 10 11 | 11.5
Short Blades   | 1 2 4 5 6 7 8 9 10 | 10.7
Long Blades    | 1 2 4 5 6 7 8 9 10 | 10.7
Axes           | 1 2 4 5 6 7 8 9 10 | 10.7
Maces & Flails | 1 2 4 5 6 7 8 9 10 | 10.7
Polearms       | 1 2 4 5 6 7 8 9 10 | 10.7
Staves         | 1 2 4 5 6 7 8 9 10 | 10.7
Slings         | 1 2 4 5 6 7 8 9 10 | 10.7
Bows           | 1 2 4 5 6 7 8 9 10 | 10.7
Crossbows      | 1 2 4 5 6 7 8 9 10 | 10.7
Throwing       | 1 2 4 5 6 7 8 9 10 | 10.7
Armour         | 1 2 4 5 6 7 8 9 10 | 10.7
Stealth        | 1 2 4 5 6 7 8 9 10 | 10.7
Shields        | 1 2 4 5 6 7 8 9 10 | 10.7
Evocations     | 1 2 4 5 6 7 8 9 10 | 10.7
Conjurations   | 1 2 3 4 5 6 7 8 9 |  9.1
Hexes          | 1 2 3 4 5 6 7 8 9 |  9.1
Summonings     | 1 2 3 4 5 6 7 8 9 |  9.1
Necromancy     | 1 2 3 4 5 6 7 8 9 |  9.1
Translocations | 1 2 3 4 5 6 7 8 9 |  9.1
Fire Magic     | 1 2 3 4 5 6 7 8 9 |  9.1
Ice Magic      | 1 2 3 4 5 6 7 8 9 |  9.1
Air Magic      | 1 2 3 4 5 6 7 8 9 |  9.1
Earth Magic    | 1 2 3 4 5 6 7 8 9 |  9.1
Poison Magic   | 1 2 3 4 5 6 7 8 9 |  9.1
Fighting       | 3 4 5 6 7 8 9 10 11 | 11.0
Transmutations | 4 5 6 7 8 9 |  9.8
Dodging        | 5 6 7 8 9 10 11 | 11.5
Unarmed Combat | 7 8 9 10 11 12 | 12.3

Action                   |  1- 3 |  4- 6 |  7- 9 | 10-12 | 13-15 | 16-18 || total
-------------------------+-------+-------+-------+-------+-------+-------++-------
Melee: Unarmed           |    60 |    46 |    19 |   106 |    48 |       ||   279
       Kick              |    16 |    11 |    21 |    24 |    16 |       ||    88
       Bite              |     3 |     6 |    38 |   123 |   169 |    12 ||   351
       Headbutt          |     7 |     5 |     5 |    48 |   287 |    22 ||   374
       Punch             |     1 |     1 |    10 |    21 |       |       ||    33
       Flail             |       |    35 |    74 |       |       |       ||   109
       Short sword       |       |    16 |       |       |       |       ||    16
       Spear             |       |       |   310 |   667 |       |       ||   977
       Demon whip        |       |       |       |   315 |   839 |       ||  1154
       Demon trident     |       |       |       |       |   262 |    78 ||   340
Throw: Throwing net      |       |     1 |       |       |       |       ||     1
       Dart              |       |       |     4 |    26 |       |       ||    30
 Cast: Beastly Appendage |    21 |    16 |     8 |     4 |     2 |       ||    51
       Spider Form       |       |     5 |     4 |     9 |       |       ||    18
       Wereblood         |       |     2 |     4 |     1 |     2 |       ||     9
       Ice Form          |       |       |     3 |     9 |     2 |       ||    14
       Animate Skeleton  |       |       |       |       |     5 |       ||     5
       Petrify           |       |       |       |       |     5 |       ||     5
       Airstrike         |       |       |       |       |    77 |    19 ||    96
       Passage of Golubr |       |       |       |       |     6 |     4 ||    10
       Animate Dead      |       |       |       |       |     9 |       ||     9
       Lightning Bolt    |       |       |       |       |     5 |     5 ||    10
       Iskenderun's Myst |       |       |       |       |     4 |       ||     4
Invok: Curse Item        |       |       |     3 |     3 |     3 |       ||     9
 Abil: Evoke Flight      |       |       |       |     1 |       |       ||     1
Evoke: Wand              |       |       |       |    13 |    34 |     2 ||    49
       Phial of floods   |       |       |       |     1 |       |       ||     1
       Condenser vane    |       |       |       |       |     1 |       ||     1
  Use: Scroll            |       |     9 |     5 |    12 |    22 |     5 ||    53
       Potion            |       |     1 |     2 |     3 |     7 |     7 ||    20
 Stab: Sleeping          |       |       |     7 |    14 |     3 |       ||    24
       Distracted        |       |       |       |     2 |       |       ||     2
       Petrified         |       |       |       |       |    19 |       ||    19
       Paralysed         |       |       |       |       |     5 |       ||     5
       Confused          |       |       |       |       |     1 |       ||     1
Armor: Robe              |    11 |     6 |    37 |    42 |       |       ||    96
       Chain mail        |       |       |       |    57 |   175 |       ||   232
       Skin              |       |       |       |     3 |    18 |       ||    21
       Acid dragon scale |       |       |       |       |    28 |    25 ||    53
Dodge: Dodged            |    56 |    90 |   356 |   767 |   640 |   129 ||  2038
Block: Buckler           |       |       |       |   157 |   310 |    48 ||   515

Table legend: (Time is in decaauts)
 A = Elapsed time spent in this place.
 B = Non-inter-level travel time spent in this place.
 C = Inter-level travel time spent in this place.
 D = Time resting spent in this place.
 E = Time spent auto-exploring this place.
 F = Levels seen in this place.
 G = Mean time per level.
                   A        B        C        D        E       F      G
               +--------+--------+--------+--------+--------+-----+--------+
         Total |  30950 |  29514 |   1436 |   8504 |  13854 |  23 | 1345.7 |
       Dungeon |  14218 |  13631 |    587 |   2880 |   7281 |  11 | 1292.5 |
          Lair |  10083 |   9620 |    463 |   2785 |   4637 |   6 | 1680.5 |
         Swamp |   4345 |   4139 |    206 |   2093 |   1208 |   4 | 1086.2 |
  Orcish Mines |   2304 |   2125 |    179 |    745 |    727 |   2 | 1152.0 |
               +--------+--------+--------+--------+--------+-----+--------+

Top non-repeatable levels by time:
    D:10: 2376 daAuts
  Lair:6: 2155 daAuts
 Swamp:3: 1879 daAuts
     D:6: 1839 daAuts
  Lair:5: 1787 daAuts
  Lair:1: 1726 daAuts
  Lair:3: 1589 daAuts
  Lair:2: 1518 daAuts
     D:4: 1489 daAuts
     D:8: 1396 daAuts
     D:9: 1366 daAuts
     D:7: 1324 daAuts
   Orc:2: 1310 daAuts
  Lair:4: 1306 daAuts
 Swamp:1: 1254 daAuts
